 Dungeon Crawl Stone Soup version 0.30.1-4-g462c640d31 (webtiles) character file.

Game seed: 11544786993875798586

14 safid the Chiller (level 2, 0/21 HPs)
             Began as a Merfolk Ice Elementalist on Aug 10, 2023.
             Slain by a jackal (1 damage)
             ... on level 1 of the Dungeon.
             The game lasted 00:00:39 (224 turns).

safid the Chiller (Merfolk Ice Elementalist)         Turns: 224, Time: 00:00:40

Health: 0/21       AC:  2    Str:  8    XL:     2   Next: 45%
Magic:  0/5        EV: 12    Int: 14    God:
Gold:   14         SH:  0    Dex: 14    Spells: 4/5 levels left

rFire   . . .        d - +0 dagger
rCold   . . .        (no shield)
rNeg    . . .        a - +0 robe
rPois   .            (no helmet)
rElec   .            (no cloak)
rCorr   .            (no gloves)
SInv    +            (no boots)
Will    .....        (no amulet)
Stlth   ++           c - ring of flight
HPRegen 0.23/turn    f - ring of see invisible
MPRegen 0.09/turn

%: no passive effects
@: flying
A: (nimble swimmer 2), mertail
a: no special abilities


You were on level 1 of the Dungeon.
You visited 1 branch of the dungeon, and saw 1 of its levels.

You collected 14 gold pieces.

Inventory:

Hand Weapons
 d - a +0 dagger (weapon)
Armour
 a - a +0 robe (worn)
Jewellery
 c - a ring of flight (left hand)
 f - a ring of see invisible (right hand)
Scrolls
 g - a scroll of vulnerability {unknown}
Potions
 b - a potion of magic
 e - a potion of heal wounds {unknown}


   Skills:
 + Level 1.1 Fighting
 - Level 2.6 Dodging
 - Level 2.1 Stealth
 + Level 2.3 Spellcasting
 + Level 4.6 Ice Magic


You had 4 spell levels left.
You knew the following spells:

 Your Spells              Type           Power      Damage    Failure   Level
a - Freeze                Ice            56%        1d7       3%          1

Your spell library contained the following spells:

 Spells                   Type           Power      Damage    Failure   Level
 Frozen Ramparts          Ice            28%        1d5       11%         3
 Ozocubu's Armour         Ice            14%        N/A       11%         3
 Summon Ice Beast         Ice/Summ       8%         N/A       65%         4


Dungeon Overview and Level Annotations

Branches:
Dungeon (1/15)

Altars:


Innate Abilities, Weirdness & Mutations

((You are very nimble when in or above water. (Stealth+, EV+, Speed+++)))
Your lower body shifts to a powerful aquatic tail in water.


Message History

Aim: a dart slug You freeze the dart slug.
The dart slug is lightly wounded.
A ball python comes into view.
The jackal bites you.
* * * LOW HITPOINT WARNING * * *
The dart slug closely misses you.
Casting: Freeze (safe; 3% risk of failure)
Confirm with . or Enter, or press ? or * to list all spells.
Aiming: Freeze (safe; 3% risk of failure)
Press: ? - help, Shift-Dir - straight line, f/p - dart slug
Aim: a dart slug (lightly wounded)
You freeze the dart slug.
The dart slug is moderately wounded.
The jackal bites you but does no damage.
The jackal bites you.
* * * LOW HITPOINT WARNING * * *
Casting: Freeze (safe; 3% risk of failure)
Confirm with . or Enter, or press ? or * to list all spells.
You don't have enough magic to cast this spell.
Unknown command.
You hit the jackal but do no damage. The jackal barely misses you.
The dart slug launches a dart at you. The slug dart misses you.
You hit the jackal.
The jackal is moderately wounded.
A bat comes into view.
The jackal barely misses you. The dart slug launches a dart at you.
The slug dart hits you but does no damage.
The jackal bites you but does no damage.
You hit the jackal.
The jackal is heavily wounded.
The jackal bites you.
* * * LOW HITPOINT WARNING * * *
Unknown command.
You barely miss the jackal.
The jackal is heavily wounded.
The jackal bites you.
You die...

####.#.# #####....#.#
....... ...##.#..#.#
....... ##....####.#
....... ##........#
....... #.###..###
....... ##......##
.b..... ##..≈≈§≈..#
###w...... ...≈≈≈≈.≈.#
#.@hS.....
...≈≈><≈≈.#####.########
...≈≈≈≈≈≈.##....#
....≈≈≈≈..##.####
.........##..#
#...........##
#############


You could see a dart slug, a jackal, a bat and a ball python.

Vanquished Creatures
  2 bats (D:1)
  2 goblins (D:1)
  A hobgoblin (D:1)
  A jackal (D:1)
  2 kobolds (D:1)
  2 quokkas (D:1)
  A ball python (D:1)
  A rat (D:1)
12 creatures vanquished.

Notes
Turn   | Place    | Note
-------+----------+-------------------------------------------
     0 | D:1      | safid the Merfolk Ice Elementalist began the quest for the
                  | Orb.
     0 | D:1      | Reached XP level 1. HP: 13/13 MP: 3/3
   159 | D:1      | Reached XP level 2. HP: 20/20 MP: 5/5
   209 | D:1      | Reached skill level 1 in Fighting
   223 | D:1      | HP: 1/21 [jackal (2)]
   224 | D:1      | Slain by a jackal

Illustrated notes

Levels and vault maps discovered:
D:1:      dpeg_arrival_pits, layout_basic, serial_shops, shop

Skill      XL: |  1  2 |
---------------+-------+-----
Fighting       | 1 |  1.1
Dodging        | |  2.6
Stealth        | |  2.1
Spellcasting   | |  2.3
Ice Magic      | |  4.6

Action                     || total
---------------------------++-------
  Melee: Dagger            ||    31
   Cast: Freeze            ||     9
   Stab: Sleeping          ||     1
 Armour: Robe              ||     9
  Dodge: Dodged            ||    43
